 Dungeon Crawl Stone Soup version 0.28.0-45-g0d030f2227 (webtiles) character file.

Game seed: 14408018096995899220

8 dianekeaton the Conjurer (level 2, 24/24 HPs)
             Began as a Troll Conjurer on Apr 12, 2022.
             Quit the game on level 1 of the Dungeon.
             The game lasted 00:02:37 (178 turns).

dianekeaton the Conjurer (Troll Conjurer)            Turns: 178, Time: 00:02:38

Health: 24/24      AC:  4    Str: 14    XL:     2   Next: 0%
Magic:  2/2        EV:  9    Int: 14    God:
Gold:   13         SH:  0    Dex:  8    Spells: 2/3 levels left

rFire   . . .      SeeInvis .     - Unarmed
rCold   . . .      Faith    .   (no shield)
rNeg    . . .      Spirit   .   a - +0 robe
rPois   .          Reflect  .   (helmet restricted)
rElec   .          Harm     .   (no cloak)
rCorr   .          Rampage  .   (gloves unavailable)
Will    .....                   (boots unavailable)
Stlth   +.........              (no amulet)
HPRegen 0.88/turn               (no ring)
MPRegen 0.08/turn               (no ring)

@: no status effects
A: large, unfitting armour, claws 3, regeneration 1, shaggy fur 1, tough skin 1
a: no special abilities


You were on level 1 of the Dungeon.
You visited 1 branch of the dungeon, and saw 1 of its levels.

You collected 13 gold pieces.

Inventory:

Armour
 a - a +0 robe (worn)
Jewellery
 b - a +4 ring of protection


   Skills:
 - Level 1.5 Dodging
 - Level 1.0 Stealth
 * Level 1.6 Unarmed Combat
 - Level 1.2 Spellcasting
 - Level 2.9 Conjurations


You had 2 spell levels left.
You knew the following spells:

 Your Spells              Type           Power      Damage    Failure   Level
a - Magic Dart            Conj           36%        1d4       8%          1

Your spell library contained the following spells:

 Spells                   Type           Power      Damage    Failure   Level
 Searing Ray              Conj           18%        2d5       12%         2
 Dazzling Flash           Conj/Hex       10%        N/A       38%         3
 Fulminant Prism          Conj/Hex       2%         3d6       80%         4
 Iskenderun's Mystic Bla  Conj/Tloc      5%         2d3       80%         4


Dungeon Overview and Level Annotations

Branches:
Dungeon (1/15)

Altars:

Shops:
D:1 !


Innate Abilities, Weirdness & Mutations

You are too large for most types of armour.
You have claws for hands.
Your natural rate of healing is unusually fast.
You are covered in fur. (AC +1)
You have tough skin. (AC +1)


Message History

You closely miss the frilled lizard.
The frilled lizard is heavily wounded.
The frilled lizard bites you but does no damage.
You closely miss the frilled lizard.
The frilled lizard is heavily wounded.
The frilled lizard bites you but does no damage.
You miss the frilled lizard.
The frilled lizard is heavily wounded.
The frilled lizard barely misses you.
You claw the frilled lizard!
You kill the frilled lizard!
You see here a frilled lizard corpse.
You now have 13 gold pieces (gained 9).
Magic restored.
You see here 2 poisoned darts.
A giant cockroach comes into view.
You scratch the giant cockroach.
The giant cockroach is moderately wounded.
The giant cockroach closely misses you.
You scratch the giant cockroach.
You kill the giant cockroach!
No target in view!
A bat comes into view.
Found 13 gold pieces.
A bat is nearby!
Aiming: Magic Dart (safe; 8% risk of failure)
Press: ? - help, Q - select action Shift-Dir - straight line, f - bat
Aim: a bat (100% to hit)
The magic dart hits the bat but does no damage.
The bat hits you.
You don't have enough magic to cast this spell.
Unknown command.
You closely miss the bat. The bat hits you but does no damage.
You scratch the bat.
You kill the bat!
You have reached level 2!
You start resting.
Magic restored.
Okay, then.
Are you sure you want to abandon this character and quit the game? (Confirm with "yes".)

#.##...##.#.....#
#.#####.#
#.##.#.##†#.....#
#.#####.#
#......##.#######
#.......#
.∩##......#
#.#######
######.#### ###
#.# #.# ..#####.#
#.# #.#.....# #.#
.#####.#.#####
#.. ....$..@.#
### .#####†### #.
.. ###


There were no monsters in sight!

Vanquished Creatures
  A dart slug (D:1)
  A giant cockroach (D:1)
  A kobold (D:1)
  2 bats (D:1)
  A frilled lizard (D:1)
6 creatures vanquished.

Notes
Turn   | Place    | Note
-------+----------+-------------------------------------------
     0 | D:1      | dianekeaton the Troll Conjurer began the quest for the Orb.
     0 | D:1      | Reached XP level 1. HP: 16/16 MP: 1/1
    29 | D:1      | Reached skill level 1 in Unarmed Combat
    46 | D:1      | Found Xoclecod's Distillery.
   156 | D:1      | Reached XP level 2. HP: 24/24 MP: 0/2
   178 | D:1      | Quit the game

Illustrated notes

Levels and vault maps discovered:
D:1:      ldierk_walled_garden, layout_loops_cross,
          ebering_ecumenical_altar_mist, serial_shops, shop

Skill      XL: |  1 |
---------------+----+-----
Unarmed Combat | 1 |  1.6
Dodging        | |  1.5
Stealth        | |  1.0
Spellcasting   | |  1.2
Conjurations   | |  2.9

Action                   || total
-------------------------++-------
Melee: Unarmed           ||    22
 Cast: Magic Dart        ||     2
Armor: Robe              ||    15
Dodge: Dodged            ||    24
